Map: [ESL] Tropical Sacrifice

Players

LiquidElazer (Elazer)

  • Race: Zerg Zerg
  • Spawn Location: 7:00

Reynor - Winner!

  • Race: Zerg Zerg
  • Spawn Location: 1:00

Event: HomeStory Cup XXI

VOD

Have the link to the VOD?

Description

Time

  • Played on: July 23, 2022, 5:13 p.m.
  • Length: 12:14

All games in this series

Show
View Real Time Build Order
Export as new Build Order

LiquidElazer Zerg 

Build Orders: Hatch First 

Get SALT Encoding   

  12  0:00  Drone  
  13  0:13  Overlord  
  13  0:17  Drone  
  14  0:31  Drone x2  
  16  0:49  Hatchery  
  15  0:52  Drone  
  15  0:55  Drone  
  17  0:59  Drone  
  18  1:10  Extractor  
  17  1:15  Spawning Pool  
  17  1:18  Drone  
  17  1:21  Drone  
  18  1:29  Drone  
  19  1:39  Drone  
  20  1:50  Drone  
  21  2:01  Queen x2  
  21  2:02  Overlord, Zergling x2  
  26  2:10  Metabolic Boost  
  26  2:11  Drone  
  26  2:13  Drone  
  28  2:23  Zergling x2  
  28  2:24  Drone  
  30  2:34  Drone x2  
  32  2:41  Hatchery  
  31  2:45  Drone  
  31  2:51  Baneling Nest  
  31  2:53  Overlord  
  31  2:56  Drone  
  32  2:59  Drone  
  33  3:08  Drone x2  
  33  3:09  Overlord  
  33  3:10  Drone  
  36  3:15  Drone x2  
  36  3:19  Zergling x4  
  40  3:22  Zergling x2  
  40  3:23  Zergling x2  
  42  3:33  Extractor  
  41  3:34  Roach Warren  
  41  3:35  Zergling x2  
  41  3:36  Overlord  
  41  3:41  Drone x2  
  41  3:42  Drone  
  41  3:44  Drone  
  41  3:47  Drone  
  46  3:49  Baneling x2  
  46  3:57  Zergling x8  
  47  4:05  Zergling x8  
  47  4:10  Overlord  
  47  4:16  Drone x3  
  50  4:20  Drone x2  
  50  4:23  Drone  
  53  4:26  Drone x2  
  53  4:31  Queen  
  57  4:40  Drone x3  
  57  4:48  Drone x3  
  59  4:55  Evolution Chamber, Drone x4  
  59  4:57  Drone x4  
  66  5:06  Baneling x2  
  66  5:07  Roach Warren  
  66  5:08  Zergling x6  
  66  5:14  Queen  
  68  5:15  Zergling x2  
  70  5:25  Zerg Missile Weapons Level 1, Roach Warren  
  70  5:27  Extractor x2, Lair  
  68  5:29  Drone x5  
  68  5:34  Overlord  
  73  5:36  Overlord  
  73  5:44  Overlord  
  73  5:47  Drone  
  73  5:51  Overlord  
  73  5:52  Drone x7  
  73  5:53  Drone  
  81  5:57  Overlord  
  81  5:58  Drone x2  
  81  6:00  Extractor x2  
  81  6:02  Overlord  
  81  6:07  Drone  
  81  6:08  Drone x2  
  80  6:13  Drone x2  
  80  6:15  Roach  
  80  6:18  Roach x2, Spine Crawler  
  85  6:19  Roach  
  85  6:22  Roach x3  
  95  6:27  Roach x4  
  95  6:29  Roach  
  103  6:35  Roach  
  101  6:41  Roach  
  101  6:42  Roach x2  
  101  6:46  Roach x2  
  106  6:49  Roach x3  
  106  6:50  Glial Reconstitution  
  106  6:53  Spire  
  110  6:57  Drone x2  
  110  6:58  Queen  
  114  7:02  Drone  
  114  7:08  Roach  
  117  7:12  Overlord  
  117  7:15  Roach x2  
  121  7:17  Hatchery  
  121  7:20  Roach  
  121  7:22  Zerg Missile Weapons Level 2  
  122  7:28  Roach  
  120  7:30  Overlord  
  120  7:34  Roach x7  
  128  7:40  Roach x2  
  130  7:45  Roach  
  126  7:52  Roach x6  
  124  8:01  Roach x2  
  124  8:04  Roach  
  124  8:07  Mutalisk  
  124  8:13  Mutalisk x3  
  124  8:15  Overlord  
  124  8:16  Zerg Flyer Weapons Level 1  
  124  8:18  Overlord  
  124  8:19  Overlord  
  130  8:29  Mutalisk x3  
  136  8:36  Mutalisk  
  136  8:37  Mutalisk x3  
  140  8:44  Mutalisk  
  140  8:46  Roach x4  
  150  8:51  Overlord x2  
  150  8:56  Mutalisk  
  150  8:59  Mutalisk  
  154  9:03  Hatchery  
  154  9:07  Mutalisk  
  151  9:10  Roach x3  
  157  9:24  Roach x6  
  157  9:29  Overlord x2  
  167  9:36  Ravager  
  168  9:38  Zerg Ground Armor Level 1  
  168  9:39  Overlord  
  168  9:47  Roach  
  168  9:48  Roach x3  
  176  9:54  Roach  
  176  9:55  Roach  
  176  9:57  Overlord  
  180  10:02  Roach x6  
  180  10:06  Overlord x2  
  188  10:20  Roach x7  
  176  10:23  Queen  
  156  10:33  Roach  
  156  10:34  Roach x9  
  154  10:42  Roach x4  
  147  10:45  Roach  
  147  10:58  Roach x6  
  147  11:00  Ravager x5  
  162  11:08  Roach x6  
  174  11:15  Roach x2  
  178  11:24  Roach  
  178  11:25  Roach x3  
  176  11:31  Roach  
  176  11:32  Roach x2  
  152  11:36  Roach  
  152  11:37  Roach x3  
  118  11:48  Roach x4  
Show
View Real Time Build Order
Export as new Build Order

Reynor Zerg - Winner!

Build Orders: Hatch First, Roach Hydra 

Get SALT Encoding   

  12  0:00  Drone  
  13  0:13  Overlord  
  13  0:17  Drone  
  14  0:31  Drone x2  
  16  0:49  Hatchery  
  15  0:53  Drone  
  15  0:56  Drone  
  17  0:59  Drone  
  18  1:10  Extractor  
  17  1:15  Spawning Pool  
  16  1:19  Drone  
  16  1:22  Drone  
  18  1:28  Drone  
  19  1:40  Drone  
  20  1:51  Drone  
  21  2:00  Overlord  
  21  2:02  Queen x2  
  21  2:03  Zergling x2  
  26  2:11  Metabolic Boost, Drone  
  26  2:15  Drone  
  28  2:22  Drone  
  29  2:23  Drone  
  30  2:33  Zergling x2  
  30  2:34  Drone  
  32  2:42  Hatchery  
  31  2:48  Baneling Nest  
  31  2:51  Drone  
  31  2:53  Drone  
  31  2:57  Overlord  
  32  2:59  Zergling x2  
  33  3:06  Drone x2  
  33  3:11  Drone  
  36  3:16  Zergling x4  
  36  3:17  Overlord  
  38  3:22  Zergling x2  
  38  3:24  Drone x2  
  41  3:27  Evolution Chamber  
  41  3:30  Zergling x2  
  41  3:31  Drone  
  41  3:34  Drone, Baneling  
  42  3:39  Queen  
  45  3:45  Drone x2  
  47  3:51  Overlord  
  47  3:53  Drone x2  
  49  3:56  Drone  
  49  4:01  Overlord  
  49  4:02  Drone x3  
  49  4:10  Zergling x4  
  49  4:11  Zerg Ground Armor Level 1  
  50  4:17  Roach Warren  
  50  4:22  Extractor, Zergling x6  
  49  4:25  Zergling x2  
  49  4:28  Baneling x2  
  49  4:30  Zergling x4  
  52  4:32  Spine Crawler  
  52  4:34  Overlord  
  51  4:40  Zergling x4  
  51  4:41  Spine Crawler, Zergling x2  
  51  4:45  Overlord  
  53  4:51  Drone  
  53  4:52  Drone  
  55  5:02  Drone x5  
  55  5:03  Overlord  
  60  5:10  Drone x3  
  60  5:12  Overlord  
  62  5:14  Drone  
  62  5:17  Drone  
  62  5:21  Overlord  
  62  5:22  Lair  
  62  5:25  Extractor  
  62  5:27  Drone x2  
  62  5:31  Roach  
  64  5:36  Roach x3  
  64  5:37  Drone x2  
  64  5:40  Roach  
  64  5:41  Drone x3  
  77  5:48  Roach  
  77  5:49  Drone  
  80  5:53  Drone  
  80  5:56  Extractor  
  80  5:58  Roach  
  80  5:59  Drone  
  80  6:00  Overlord  
  83  6:06  Zerg Missile Weapons Level 1  
  83  6:07  Drone x5  
  83  6:08  Baneling x2  
  83  6:09  Drone x2  
  89  6:12  Extractor  
  89  6:13  Roach x2, Extractor  
  89  6:16  Drone  
  89  6:17  Drone x2  
  94  6:22  Drone  
  94  6:25  Drone  
  96  6:26  Overlord  
  96  6:27  Roach  
  96  6:28  Roach  
  96  6:29  Glial Reconstitution  
  96  6:38  Overlord  
  96  6:40  Drone x5  
  96  6:41  Overlord, Drone x2  
  96  6:44  Roach x3  
  96  6:45  Ravager x2  
  107  6:48  Overseer  
  107  6:53  Roach x2  
  106  6:55  Roach  
  106  6:59  Roach  
  110  7:04  Roach x4  
  110  7:05  Queen, Hydralisk Den  
  117  7:08  Roach  
  117  7:09  Roach x2  
  117  7:10  Roach, Hatchery  
  117  7:14  Roach  
  124  7:20  Roach x2  
  124  7:21  Hydralisk Den  
  124  7:22  Overlord  
  127  7:24  Roach  
  127  7:25  Roach  
  127  7:28  Roach  
  127  7:29  Roach  
  131  7:31  Roach x2  
  131  7:32  Roach x2  
  130  7:37  Roach, Muscular Augments  
  130  7:38  Roach x2  
  130  7:39  Overlord  
  132  7:46  Roach x2  
  132  7:48  Roach  
  132  7:50  Roach x2  
  132  7:51  Roach  
  136  7:53  Roach  
  136  7:55  Roach  
  130  8:01  Zerg Missile Weapons Level 2  
  130  8:04  Roach x4  
  138  8:08  Roach x4  
  146  8:13  Overlord  
  146  8:17  Roach  
  148  8:20  Roach x2  
  148  8:23  Overlord  
  148  8:26  Roach  
  154  8:30  Roach x5  
  154  8:33  Overlord  
  164  8:39  Hydralisk  
  164  8:42  Hydralisk x2  
  164  8:45  Hydralisk x3  
  164  8:46  Hydralisk  
  172  8:51  Grooved Spines  
  172  8:52  Spore Crawler  
  172  8:53  Hydralisk x2  
  172  8:55  Spore Crawler  
  172  8:56  Extractor  
  172  8:57  Spore Crawler, Drone  
  172  8:59  Hydralisk  
  173  9:03  Roach x2  
  173  9:07  Hydralisk x2  
  167  9:10  Roach x2  
  167  9:15  Overlord  
  167  9:16  Roach x2  
  173  9:20  Roach x2  
  173  9:22  Hydralisk  
  177  9:26  Overlord  
  177  9:28  Hydralisk  
  177  9:31  Roach x2  
  177  9:34  Roach x2  
  185  9:43  Roach x3  
  185  9:44  Overlord x2  
  191  9:48  Roach x2, Overseer  
  195  9:52  Overlord  
  195  9:57  Overlord  
  195  10:06  Overlord  
  185  10:16  Roach x12  
  185  10:20  Roach  
  185  10:21  Roach  
  183  10:24  Roach x2  
  170  10:28  Roach  
  170  10:33  Roach x2  
  152  10:37  Roach  
  152  10:38  Roach x2  
  152  10:39  Roach  
  152  10:41  Roach  
  158  10:45  Roach x3  
  164  10:50  Roach x2  
  164  10:54  Spore Crawler  
  164  10:55  Roach x3  
  169  11:00  Roach x3  
  169  11:02  Roach  
  177  11:04  Roach  
  177  11:09  Roach x2  
  181  11:12  Roach x3  
  189  11:18  Roach  
  183  11:28  Roach x6  
  183  11:29  Roach x2  
  183  11:32  Roach x2  
  179  11:34  Roach  
  177  11:40  Hydralisk x2  
  177  11:46  Roach x2  
  163  11:51  Roach x2  
  163  11:52  Roach x2  
  163  11:53  Roach  
  149  11:55  Drone x2  
  149  11:59  Extractor  
Tags
 
Add a new tag
Caveats
  • Supply blocks, unpowered buildings, or Contaminate may cause inaccurate times.
  • Supply counts are checked every 10 seconds.